 Dungeon Crawl Stone Soup version 0.22.1-1-ga44c0e56f4 (webtiles) character file.

155 Revguard the Slasher (level 5, -4/39 HPs)
             Began as a Demonspawn Gladiator on Oct 20, 2018.
             Killed from afar by an orc wizard (5 damage)
             ... with a magic dart
             ... on level 3 of the Dungeon.
             The game lasted 00:09:59 (2145 turns).

Revguard the Slasher (Demonspawn Gladiator)         Turns: 2145, Time: 00:09:59

Health: -4/39      AC:  9    Str: 13 (15) XL:     5   Next: 14%
Magic:  0/7        EV: 13    Int:  9      God:
Gold:   122        SH:  0    Dex: 14 (15) Spells: 6/6 levels left

rFire    . . .     SeeInvis +   r - +0 long sword
rCold    . . .     Gourm    .   (no shield)
rNeg     . . .     Faith    .   b - +0 leather armour
rPois    .         Spirit   +   k - +2 helmet {SInv}
rElec    .         Reflect  .   (no cloak)
rCorr    .         Harm     .   (no gloves)
MR       .....                  n - +0 pair of boots
Stlth    +.........             (no amulet)
HPRegen  0.13/turn              (no ring)
MPRegen  0.10/turn              (no ring)

@: confused
A: talons 1, molten scales 1, powered by pain 1, magic shield
a: no special abilities


You were on level 3 of the Dungeon.
You were not hungry.

You visited 1 branch of the dungeon, and saw 3 of its levels.

You collected 122 gold pieces.

Inventory:

Hand Weapons
 a - a +0 long sword
 r - a +0 long sword (weapon)
Missiles
 d - 3 throwing nets (quivered)
Armour
 b - a +0 leather armour (worn)
 c - a +0 helmet
 k - a +2 helmet of see invisible (worn)
 n - a +0 pair of boots (worn)
Scrolls
 h - a scroll of enchant armour
 j - a scroll of teleportation
 l - a scroll of amnesia {unknown}
 o - a scroll of remove curse {unknown}
 t - a scroll of enchant weapon {unknown}
Comestibles
 f - 5 rations


   Skills:
 + Level 2.4 Fighting
 + Level 3.9 Long Blades
 - Level 1.8 Throwing
 * Level 1.5 Armour
 + Level 3.2 Dodging
 + Level 0.3 Stealth
 * Level 1.4 Spellcasting


You had 6 spell levels left.
You didn't know any spells.
Your spell library was empty.

Dungeon Overview and Level Annotations

Branches:
Dungeon (3/15)

Altars:
Qazlal
The Shining One


Innate Abilities, Weirdness & Mutations

You have sharp toenails.
You are partially covered in molten scales. (AC +2)
You sometimes gain a little power by taking damage.
When hurt, damage is shared between your health and your magic reserves.


Message History

The orc barely misses you.
The orc wizard hits you but does no damage.
The orc hits you but does no damage.
You bump into the rock wall.
The orc wizard casts a spell at you. The puff of flame misses you.
The orc barely misses you.
You're too confused to move!
The orc wizard casts a spell.
The orc wizard blinks!
The orc wizard hits you but does no damage.
The orc hits you but does no damage.
You bump into the rock wall.
The orc wizard casts a spell.
The orc wizard flickers and vanishes for a moment.
The orc barely misses you. The orc closely misses you.
You closely miss the orc wizard. The orc wizard closely misses you.
The orc barely misses you. The orc misses you.
The orc wizard gestures at you while chanting.
The magic dart hits you!
You die...

#######.........###)........#
#..........##<.........
#..........##.#......##
#....................#
#...o................#
#...............#.....
#..........#.........
#....o.o...#..<......
#....o@....#....#..
#########...# #... #


You could see 2 orc wizards and 2 orcs.

Vanquished Creatures
  A worker ant (D:2)
  Robin (D:3)
  3 adders
  An ooze (D:3)
  2 dart slugs (D:2)
  3 leopard geckos
  4 giant cockroaches
  12 goblins
  9 hobgoblins
  3 jackals (D:2)
  22 kobolds
  A quokka (D:2)
  A ball python (D:1)
  5 bats
  6 frilled lizards
  11 rats
85 creatures vanquished.

Notes
Turn   | Place    | Note
-------+----------+-------------------------------------------
     0 | D:1      | Revguard the Demonspawn Gladiator began the quest for the
                  | Orb.
     0 | D:1      | Reached XP level 1. HP: 16/16 MP: 1/1
   195 | D:1      | Gained mutation: You are partially covered in molten
                  | scales. (AC +2) [demonic ancestry]
   195 | D:1      | Reached XP level 2. HP: 22/22 MP: 2/2
   982 | D:2      | Gained mutation: When hurt, damage is shared between your
                  | health and your magic reserves. [demonic ancestry]
   982 | D:2      | Reached XP level 3. HP: 27/27 MP: 4/4
  1039 | D:2      | Reached skill level 1 in Armour
  1039 | D:2      | Reached skill level 1 in Spellcasting
  1057 | D:2      | Gained mutation: You have sharp toenails. [demonic
                  | ancestry]
  1057 | D:2      | Reached XP level 4. HP: 27/33 MP: 2/5
  1311 | D:2      | Found a glowing golden altar of the Shining One.
  1492 | D:2      | Found a stormy altar of Qazlal.
  1820 | D:3      | Noticed Robin
  1908 | D:3      | Killed Robin
  1958 | D:3      | Gained mutation: You sometimes gain a little power by
                  | taking damage. [demonic ancestry]
  1958 | D:3      | Reached XP level 5. HP: 9/39 MP: 5/7
  2140 | D:3      | HP: 1/39 [orc/flail (3)]
  2145 | D:3      | Killed from afar by an orc wizard

Skill      XL: |  1  2  3 |
---------------+----------+-----
Long Blades    | 3 |  3.9
Dodging        | 3 |  3.2
Armour         | 1 |  1.5
Spellcasting   | 1 |  1.4
Fighting       | |  2.4
Throwing       | |  1.8
Stealth        | |  0.3

Action                   |  1- 3 |  4- 6 || total
-------------------------+-------+-------++-------
Melee: Long sword        |    90 |   135 ||   225
  Use: Potion            |       |     8 ||     8
       Scroll            |       |     4 ||     4
 Stab: Sleeping          |     2 |       ||     2
  Eat: Chunk             |       |     2 ||     2
       Ration            |       |     1 ||     1
Armor: Leather armour    |    27 |   106 ||   133
Dodge: Dodged            |    75 |   263 ||   338
       Rpst.: Long sword |    20 |    70 ||    90
